[Event "Early-Titled-Tuesday-Blitz-January-23-2024"]
[Site "Chess.com"]
[Date "2024.01.23"]
[Round "5"]
[White "stollenmonster"]
[Black "MKlose11"]
[Result "0-1"]
[WhiteElo "2893"]
[BlackElo "2654"]
[TimeControl "180+1"]
[EndTime "8:55:08 PST"]
[Termination "MKlose11 won on time"]

1. e4 e6 2. Nc3 d5 3. g3 d4 4. Nce2 c5 5. d3 Nc6 6. h3 Bd6 7. Bg2 e5 8. f4 Be6 9. Nf3 f6 10. O-O Nge7 11. g4 Qc7 12. Nh4 h6 13. Nf5 Nxf5 14. exf5 Bf7 15. fxe5 Bxe5 16. Bf4 O-O 17.
Qd2 Rfe8 18. Ng3 Rad8 19. Ne4 b6 20. Rae1 Bxf4 21. Rxf4 Nb4 22. Rf3 Nd5 23. h4 Ne3 24. g5 hxg5 25. hxg5 fxg5 26. Nxg5 Bd5 27. Qf2 Nxg2 28. Re6 Bxe6 29. fxe6 Qe5 30. Qxg2 Qe1+ 31. Kh2 Qe5+ 32. Kg1 Qe1+ 33. Kh2 Rd5 34. Rg3 Qe5 35. Kg1 Qf4 0-1

[Event "Early-Titled-Tuesday-Blitz-January-23-2024"]
[Site "Chess.com"]
[Date "2024.01.23"]
[Round "5"]
[White "knightinshiningarmour16"]
[Black "Licancabur"]
[Result "1-0"]
[WhiteElo "2228"]
[BlackElo "2468"]
[TimeControl "180+1"]
[EndTime "8:55:09 PST"]
[Termination "knightinshiningarmour16 won on time"]

1. e4 Nf6 2. f3 e5 3. d4 Nxe4 4.
fxe4 Qh4+ 5. Ke2 Qxe4+ 6. Be3 Nc6 7. dxe5 d5 8. Kf2 Nxe5 9. h3 Be7 10. Nc3 Bh4+ 11. g3 Bxg3+ 12. Kxg3 Qxe3+ 13. Nf3 Be6 14. Bg2 O-O-O 15. Re1 Qh6 16. Rxe5 Rhe8 17. Qd2 Qf6 18. Re2 d4 19. Kh2 dxc3 20. Qxc3 Qxc3 21. bxc3 Bf5 22. Rae1 Rxe2 23. Rxe2 f6 24. Nd4 Bd7 25. Bf3 Re8 26. Rxe8+ Bxe8 27. Bg4+ 1-0

[Event "Early-Titled-Tuesday-Blitz-January-23-2024"]
[Site "Chess.com"]
[Date "2024.01.23"]
[Round "5"]
[White "Byniolus"]
[Black "wonderfultime"]
[Result "0-1"]
[WhiteElo "2859"]
[BlackElo "3044"]
[TimeControl "180+1"]
[EndTime "8:55:10 PST"]
[Termination "wonderfultime won on time"]

1. d4 d5 2. Nf3 Nf6 3. Bf4 c5 4. c3 Qb6 5. Qb3 Nc6 6. Nbd2 cxd4 7. Qxb6 axb6 8. Nxd4 e5 9. Nxc6 exf4 10. Nd4 Bd7 11.
g3 Bd6 12. Bg2 h5 13. gxf4 Bxf4 14. e3 Be5 15. a3 O-O 16. N2f3 Bd6 17. Ng5 Rfe8 18.
Kd2 Rad8 19. h3 g6 20. Rad1 Bf8 21. f4 Re7 22. Rde1 Rde8 23. Rhf1 Bh6 24. Re2 Kg7 25.
Ree1 Bc6 26. b4 Bd7 27. Re2 Ra8 28. Ra1 Be8 29. Ree1 Rd8 30. Kc2 Rc7 31. Kb2 Bd7 32.
Rad1 Re8 33. Rd2 Bxg5 34. fxg5 Ne4 35. Bxe4 Rxe4 36. Rh2 h4 37. Rg1 Rxe3 38. Rc1 Bxh3 39. Nb5 Rc4 40. Rch1 Bd7 0-1

[Event "Early-Titled-Tuesday-Blitz-January-23-2024"]
[Site "Chess.com"]
[Date "2024.01.23"]
[Round "5"]
[White "Roman_Ovetchkin"]
[Black "vesalhamedinia"]
[Result "1-0"]
[WhiteElo "2653"]
[BlackElo "2503"]
[TimeControl "180+1"]
[EndTime "8:55:10 PST"]
[Termination "Roman_Ovetchkin won by resignation"]

1. d4 d5 2. c4 e6 3. Nf3 Nf6 4.
g3 Be7 5. Bg2 O-O 6. Qc2 c6 7.
O-O b5 8. c5 a5 9. Nbd2 Ba6 10.
e4 b4 11. Re1 Nfd7 12. e5 Re8 13. Nf1 f6 14. exf6 Bxf6 15. Bf4 Nf8 16. h4 Nbd7 17. Bd6 Be7 18. Bxe7 Qxe7 19. N1h2 Qf6 20. Ne5 Nxe5 21. Rxe5 Nd7 22. Ng4 Qf7 23. Re3 h5 24. Ne5 Nxe5 25.
Rxe5 Rf8 26. Rae1 Rae8 27. Rg5 Bc8 28. f4 Qf6 29. Ree5 Kf7 30. Rxh5 Rh8 31. Rhg5 Ref8 32. Bf3 Bd7 33. h5 Ke7 34. Rg6 Qf7 35. Bg4 Kd8 36. Qa4 Kc7 37. Qxa5+ Kc8 38. Qxb4 Re8 39. Qb6 Rh6 40.
Rgg5 g6 41. a4 gxh5 42. Bxh5 Rxh5 43. Rxh5 Qxh5 44. Rxh5 1-0

[Event "Early-Titled-Tuesday-Blitz-January-23-2024"]
[Site "Chess.com"]
[Date "2024.01.23"]
[Round "5"]
[White "Russian_berezka"]
[Black "soloderisas"]
[Result "0-1"]
[WhiteElo "2583"]
[BlackElo "2476"]
[TimeControl "180+1"]
[EndTime "8:55:10 PST"]
[Termination "soloderisas won by checkmate"]

1. g4 d5 2. Bg2 c6 3. h3 h5 4. g5 h4 5. d4 Bf5 6. c4 e6 7. Nc3 Nd7 8. e4 dxe4 9. Bxe4 Bxe4 10. Nxe4 Qc7 11. Ne2 Bb4+ 12. N2c3 Ne7 13. Qf3 Nf5 14. Be3 O-O-O 15. O-O-O Qa5 16. Bf4 Nb6 17. c5 Nd5 18. a3 Bxc3 19. Nxc3 Nxf4 20. Qxf4 Rd7 21. Qe5 Rhd8 22.
Ne2 Rd5 23. Qe4 Qa4 24. Nc3 Qc4 25. Kb1 Rxd4 26. Qe5 Rxd1+ 27. Rxd1 Rxd1+ 28. Nxd1 Qd3+ 29. Kc1 Nd4 30. Ne3 Ne2# 0-1

[Event "Early-Titled-Tuesday-Blitz-January-23-2024"]
[Site "Chess.com"]
[Date "2024.01.23"]
[Round "5"]
[White "ChainedDowntohell"]
[Black "BashirliSaadat"]
[Result "1-0"]
[WhiteElo "2564"]
[BlackElo "2423"]
[TimeControl "180+1"]
[EndTime "8:55:10 PST"]
[Termination "ChainedDowntohell won by checkmate"]

1. d4 Nf6 2. c4 g6 3. Nc3 Bg7 4. e4 d6 5. Be2 O-O 6. Be3 e5 7.
d5 Ne8 8. g4 f5 9. gxf5 gxf5 10.
Nf3 f4 11. Bd2 Nf6 12. Qc2 Nbd7 13. O-O-O a5 14. Rdg1 Nc5 15. Nh4 Nfxe4 16. Nxe4 Qxh4 17. Nxc5 dxc5 18. Bd3 Bg4 19. Bc3 Rae8 20. Be4 Bf3 21.
Bxf3 Kh8 22. Be4 f3 23. Rg3 Bh6+ 24. Kb1 Qh5 25. Bxh7 Re7 26. Bg6 Qh4 27. Bf5 Qf4 28. Be6 Rg7 29. Rxg7 Bxg7 30. Qg6 Rf6 31. Qe8+ Kh7 32.
Rg1 Qe4+ 33. Ka1 Rh6 34. Qg8# 1-0

[Event "Early-Titled-Tuesday-Blitz-January-23-2024"]
[Site "Chess.com"]
[Date "2024.01.23"]
[Round "5"]
[White "Predo63"]
[Black "Larina_Maria"]
[Result "1-0"]
[WhiteElo "2483"]
[BlackElo "2189"]
[TimeControl "180+1"]
[EndTime "8:55:11 PST"]
[Termination "Predo63 won by resignation"]

1. d4 f5 2. g3 Nf6 3. Bg2 g6 4. b3 Bg7 5. Bb2 O-O 6. Nf3 d6 7. O-O a5 8. a3 Na6 9. Nbd2 c6 10. c4 Ne4 11. Qc2 Nxd2 12. Qxd2 Qb6 13. Qc2 Qc7 14.
Rad1 Re8 15. e3 e5 16. dxe5 dxe5 17. Rd2 e4 18. Ng5 h6 19. Nh3 g5 20. Rfd1 Nc5 21. Bf1 f4 22. exf4 Bg4 23. Re1 Nd3 24. Bxd3 exd3 25. Rxe8+ Rxe8 26. Qxd3 Bxh3 27. f3 Qf7 28. Bxg7 Kxg7 29. Kf2 gxf4 30. Qd4+ Kh7 31. g4 h5 32.
Qd7 Kg7 33. Qxf7+ Kxf7 34. Rd4 hxg4 35. Rxf4+ Kg6 36. fxg4 Kg5 37. Rf7 Bxg4 38. Rxb7 Re2+ 39. Kg3 Rb2 40. h4+ Kf5 41. Rf7+ Ke6 42. Rb7 Bd1 43. b4 axb4 44. axb4 Rb3+ 45. Kf4 Be2 46. c5 Bc4 47. h5 Bd5 48. h6 Rh3 49. h7 Kf6 50. Kg4 Rh1 51. Rd7 Kg6 52. b5 cxb5 53. Rxd5 Rxh7 54.
Rd6+ Kg7 55. Rd7+ Kg8 56. Rxh7 Kxh7 57. c6 b4 58. c7 b3 59. c8=Q b2 60. Qc2+ 1-0

[Event "Early-Titled-Tuesday-Blitz-January-23-2024"]
[Site "Chess.com"]
[Date "2024.01.23"]
[Round "5"]
[White "Mistango"]
[Black "Kostukov_Alex"]
[Result "1-0"]
[WhiteElo "2517"]
[BlackElo "2294"]
[TimeControl "180+1"]
[EndTime "8:55:11 PST"]
[Termination "Mistango won on time"]

1. e4 c5 2. Nf3 g6 3. d4 cxd4 4. Nxd4 Bg7 5. Nc3 Nc6 6. Be3 Nf6 7. Bc4 Qa5 8. O-O Ng4 9. Nxc6 dxc6 10. Bd4 e5 11.
Be3 Nxe3 12. fxe3 O-O 13. Qf3 Kh8 14. Rad1 Qc7 15. a4 a6 16. Qg3 b5 17. Bb3 Qe7 18. Rf2 Be6 19. Bxe6 Qxe6 20. Rfd2 Qc4 21. Qf3 bxa4 22. Qe2 Qb4 23. Rd7 Qxb2 24. Nxa4 Qb4 25. Ra1 Qxe4 26. Nb6 Rab8 27. Rxa6 Qf5 28. e4 Qe6 29. Rd1 f5 30. Nd7 Rbd8 31. Nxf8 Rxf8 32. Ra7 f4 33. Rdd7 Rg8 34. Qa6 Qf6 35. Rac7 f3 36.
Qf1 1-0

[Event "Early-Titled-Tuesday-Blitz-January-23-2024"]
[Site "Chess.com"]
[Date "2024.01.23"]
[Round "5"]
[White "Shodikulov_Jamshid1990"]
[Black "salomez"]
[Result "0-1"]
[WhiteElo "2473"]
[BlackElo "2306"]
[TimeControl "180+1"]
[EndTime "8:55:11 PST"]
[Termination "salomez won by resignation"]

1. e4 c5 2. Nf3 e6 3. c3 Nf6 4. Bd3 d5 5. e5 Nfd7 6. O-O Nc6 7. Re1 g5 8. h3 h5 9. Bb5 g4 10. Nh2 gxh3 11. g3 h4 12. g4 Qb6 13.
Bxc6 Qxc6 14. d4 b6 15. Nd2 Bb7 16. Ndf3 O-O-O 17. a4 Be7 18. a5 f6 19. axb6 axb6 20. exf6 Bxf6 21. Bf4 Rhg8 22. Qe2 Rde8 23. b4 c4 24. b5 Qxb5 25. Reb1 Qc6 26. Kh1 e5 27. dxe5 Nxe5 28. Nd4 Qc5 29. Rb5 Nd3 30. Rxc5+ bxc5 31. Ne6 Nxf4 32. Nxf4 Rxe2 33. Nxe2 d4+ 34. Kg1 d3 35. Nf4 Bxc3 36. Rc1 Bd4 37. Ne6 d2 38.
Rd1 c3 0-1

[Event "Early-Titled-Tuesday-Blitz-January-23-2024"]
[Site "Chess.com"]
[Date "2024.01.23"]
[Round "5"]
[White "PattyCastillo"]
[Black "KVAIDAN"]
[Result "0-1"]
[WhiteElo "1961"]
[BlackElo "2358"]
[TimeControl "180+1"]
[EndTime "8:55:11 PST"]
[Termination "KVAIDAN won on time"]

1. d4 e6 2. Nf3 f5 3. e3 Nf6 4. Bd3 b6 5. O-O Bb7 6. Nbd2 d5 7. b3 Bd6 8. Bb2 O-O 9. Ne5 Nbd7 10. f4 c5 11. c4 Ne4 12. Nxe4 fxe4 13. Be2 cxd4 14.
Bxd4 Nxe5 15. fxe5 Bc5 16. cxd5 exd5 17. Qc2 Rc8 18.
Qb2 Qg5 19. Kh1 Rce8 20. Bb5 Rd8 21. e6 Bxd4 22. Qxd4 Bc8 23. Rxf8+ Rxf8 24. Bd7 Bxd7 25. exd7 Rd8 26. Qa4 Qf5 27. Qxa7 Rxd7 28. Qb8+ Kf7 29. Kg1 Kg6 30. Rf1 Qe6 31. Qg3+ Kh6 32. Qh4+ Kg6 33.
g4 h6 34. Qh5+ Kh7 35. Rf8 d4 36. Kf2 dxe3+ 37. Kxe3 Rd3+ 38. Ke2 Rc3 0-1

[Event "Early-Titled-Tuesday-Blitz-January-23-2024"]
[Site "Chess.com"]
[Date "2024.01.23"]
[Round "5"]
[White "Young_Catalan_Player09"]
[Black "RantomOpening"]
[Result "1-0"]
[WhiteElo "2571"]
[BlackElo "2517"]
[TimeControl "180+1"]
[EndTime "8:55:13 PST"]
[Termination "Young_Catalan_Player09 won by resignation"]

1. Nf3 e6 2. d4 d5 3. c4 a6 4. Qc2 dxc4 5. a4 Nf6 6. g3 b6 7. Bg2 Bb7 8. O-O Nbd7 9. Qxc4 Bd6 10. Bg5 h6 11. Bf4 Bxf4 12. gxf4 O-O 13. Nc3 Nd5 14. e3 Nxc3 15. Qxc3 Rc8 16. Rac1 c5 17. Rfd1 Qe7 18. dxc5 Nxc5 19. Qb4 Bxf3 20. Bxf3 Qa7 21. Rc4 Rfd8 22. Rcd4 Qc7 23. Rxd8+ Rxd8 24. Rxd8+ Qxd8 25. a5 Nd7 26. Qd6 bxa5 27. Bc6 Qb6 28. Qxd7 Qxb2 29. Qe8+ Kh7 30. Be4+ f5 31. Bf3 a4 32. Qxa4 Qb6 33.
Be2 a5 34. h4 Qd8 35. h5 Qb6 36. Bf3 Qd8 37. Kg2 Qb6 38. Bc6 Qb4 39. Qxb4 axb4 40. Bd7 b3 41. Bxe6 b2 42. Bxf5+ g6 43. Bxg6+ 1-0

[Event "Early-Titled-Tuesday-Blitz-January-23-2024"]
[Site "Chess.com"]
[Date "2024.01.23"]
[Round "5"]
[White "GulenayAydin"]
[Black "MusicCityMaster"]
[Result "0-1"]
[WhiteElo "2544"]
[BlackElo "2433"]
[TimeControl "180+1"]
[EndTime "8:55:13 PST"]
[Termination "MusicCityMaster won by resignation"]

1. e4 e6 2. d4 d5 3. Nd2 Nc6 4.
Ngf3 Nf6 5. e5 Nd7 6. Bb5 a6 7. Bd3 f6 8. exf6 Qxf6 9. O-O Bd6 10. Re1 O-O 11. c3 e5 12. dxe5 Ndxe5 13. Bc2 Bg4 14. Bb3 Bxf3 15. Nxf3 Nxf3+ 16. Qxf3 Bxh2+ 17. Kxh2 Qh4+ 18.
Qh3 Qxf2 19. Bxd5+ Kh8 20. Be3 Qf6 21. Bxc6 Qxc6 22.
Bd4 Rf7 23. Rf1 Re7 24. Rae1 Qd6+ 25. Kg1 c5 26. Bf2 Rae8 27. Qf3 b5 28. Rxe7 Qxe7 29.
Qf5 c4 30. Bd4 h6 31. Qg6 Kg8 32. Bf2 Rf8 33. Bd4 Rxf1+ 34. Kxf1 a5 35. Qg4 b4 36. Qf3 Qd8 37. Qe4 b3 38. axb3 cxb3 39. Qe6+ Kh7 40. Qxb3 Qf8+ 41. Kg1 Qf5 42. Qc2 Qxc2 0-1

[Event "Early-Titled-Tuesday-Blitz-January-23-2024"]
[Site "Chess.com"]
[Date "2024.01.23"]
[Round "5"]
[White "Akylbek2021"]
[Black "The_Straightforward_Rook"]
[Result "1-0"]
[WhiteElo "2271"]
[BlackElo "2516"]
[TimeControl "180+1"]
[EndTime "8:55:13 PST"]
[Termination "Akylbek2021 won by checkmate"]

1. d4 d5 2. c4 c6 3. Nf3 Nf6 4. cxd5 cxd5 5. Nc3 Nc6 6. Bf4 Nh5 7. Bd2 e6 8. e3 Nf6 9. Bd3 Bd6 10. O-O O-O 11.
a3 a6 12. Rc1 Re8 13. b4 e5 14. dxe5 Nxe5 15. Nxe5 Bxe5 16. h3 h6 17. Ne2 Ne4 18.
Bxe4 dxe4 19. Bc3 Qd3 20. Bxe5 Rxe5 21. Nf4 Qb5 22. a4 Qe8 23. Nd5 Qf8 24. Nb6 Rb8 25. Qd4 Re8 26. Rfd1 Bf5 27. g4 Red8 28. Qe5 Qxb4 29.
Nd5 Qxa4 30. gxf5 Re8 31. Qf4 Kh8 32. f6 Rg8 33. Kh2 Kh7 34. Rg1 g6 35. Qxe4 Qd7 36.
Ne7 Rge8 37. Rcd1 Qc7+ 38. Kh1 Rbd8 39. Rxd8 Rxd8 40. Rxg6 Rd1+ 41. Kg2 Kh8 42. Rxh6# 1-0

[Event "Early-Titled-Tuesday-Blitz-January-23-2024"]
[Site "Chess.com"]
[Date "2024.01.23"]
[Round "5"]
[White "1982lf"]
[Black "hurricane7791"]
[Result "1-0"]
[WhiteElo "2951"]
[BlackElo "2696"]
[TimeControl "180+1"]
[EndTime "8:55:14 PST"]
[Termination "1982lf won by resignation"]

1. c4 c5 2. Nc3 Nc6 3. Nf3 g6 4. e3 Nf6 5. d4 cxd4 6. exd4 d5 7. cxd5 Nxd5 8. Qb3 Nxc3 9. Bc4 e6 10. bxc3 Bg7 11. Ba3 Na5 12. Bb5+ Bd7 13. Qb4 Nc6 14. Qb2 f6 15. O-O Kf7 16. Rfe1 Re8 17. Rad1 Na5 18. d5 e5 19. c4 Rc8 20. c5 a6 21. Bf1 Bg4 22.
Qe2 e4 23. Ng5+ fxg5 24. Qxg4 Kg8 25. Rxe4 Qf6 26. d6 Rcd8 27. h3 Nc6 28. Rde1 Rxe4 29. Qxe4 Qd4 30. Bc4+ Kh8 31. Bd5 Qc3 32. Re3 Qa1+ 33.
Kh2 Ne5 34. Re2 g4 35. Bb2 Nf3+ 36. gxf3 Bxb2 37. hxg4 Bf6 38. Kg2 Qc3 39. Qe3 Qb4 40.
a3 Qb5 41. g5 Bg7 42. a4 Qxa4 43. Bxb7 Bd4 44. Qf4 Qb4 45. c6 Qb5 46. c7 1-0

[Event "Early-Titled-Tuesday-Blitz-January-23-2024"]
[Site "Chess.com"]
[Date "2024.01.23"]
[Round "5"]
[White "artin10862"]
[Black "ahkashefi2800"]
[Result "1-0"]
[WhiteElo "2828"]
[BlackElo "2576"]
[TimeControl "180+1"]
[EndTime "8:55:14 PST"]
[Termination "artin10862 won on time"]

1. e4 c6 2. Nc3 d5 3. Nf3 dxe4 4.
Nxe4 Nd7 5. Qe2 Ndf6 6. d3 Bg4 7. g3 Nxe4 8. dxe4 Nf6 9. Bg2 e5 10. O-O Bc5 11. h3 Bxf3 12. Bxf3 O-O 13. c3 Qe7 14. b4 Bb6 15. a3 a5 16. Bb2 Rfd8 17. Kg2 Ne8 18. Qc2 Nc7 19. Be2 Qg5 20. Rad1 Ne6 21. Bc4 Qf6 22. Bc1 h6 23. Bb3 Rxd1 24. Qxd1 axb4 25. axb4 Rd8 26. Qe2 Qg6 27. Kh2 Ng5 28. Re1 Qf6 29. Kg2 Ne6 30. h4 Qg6 31. Qf3 Rd7 32. Qf5 Rd3 33. Qxg6 fxg6 34. Bxe6+ Kf8 35. Be3 1-0

[Event "Early-Titled-Tuesday-Blitz-January-23-2024"]
[Site "Chess.com"]
[Date "2024.01.23"]
[Round "5"]
[White "Boninknights"]
[Black "Baronessa08"]
[Result "0-1"]
[WhiteElo "2348"]
[BlackElo "2540"]
[TimeControl "180+1"]
[EndTime "8:55:14 PST"]
[Termination "Baronessa08 won by resignation"]

1. d4 d5 2. Nf3 Nf6 3. c4 dxc4 4. e3 e6 5. Bxc4 a6 6. O-O b5 7. Be2 Bb7 8. a3 c5 9. dxc5 Bxc5 10. Qxd8+ Kxd8 11. b4 Bd6 12. Bb2 Ke7 13. Nbd2 Nbd7 14. Rfc1 Rhc8 15.
Nb3 Bd5 16. Na5 Nb6 17. Bd4 Na4 18. Ne5 Bxe5 19. Bxe5 g6 20. Bf3 Nd7 21. Bxd5 exd5 22.
Bc7 Ndb6 23. Nc6+ Kd7 24. Ne5+ Ke8 25. Rc6 Nc4 26. Rc1 Ra7 27. Ba5 Rxc6 28. Nxc6 Ra8 29. Nd4 Kd7 30. Kf1 Nab2 31. Ke2 h5 32. h4 f6 33. g3 g5 34. Nb3 Kd6 35. hxg5 fxg5 36. Rh1 Rh8 37. f3 h4 38. f4 gxf4 39. exf4 h3 40.
g4 Re8+ 41. Kf3 Re3+ 42. Kf2 Rxb3 0-1

[Event "Early-Titled-Tuesday-Blitz-January-23-2024"]
[Site "Chess.com"]
[Date "2024.01.23"]
[Round "5"]
[White "vasblesk"]
[Black "EvgenyBurmakin"]
[Result "1-0"]
[WhiteElo "2779"]
[BlackElo "2456"]
[TimeControl "180+1"]
[EndTime "8:55:15 PST"]
[Termination "vasblesk won on time"]

1. Nf3 Nf6 2. g3 g6 3. Bg2 Bg7 4. O-O O-O 5. d4 d5 6. c4 c6 7. cxd5 cxd5 8. Ne5 Nc6 9. Nxc6 bxc6 10. Nc3 Rb8 11.
b3 Nd7 12. Bf4 e5 13. dxe5 Nxe5 14. Rc1 Bf5 15. Na4 Rc8 16. Be3 Rc7 17. Bd4 Re8 18. Qd2 h5 19. e3 h4 20. Nc5 Qc8 21. Rce1 Bh3 22. f4 Bxg2 23. Kxg2 Ng4 24. Bxg7 Kxg7 25. Qd4+ Kg8 26. h3 Nh6 27. e4 hxg3 28. f5 Rce7 29.
fxg6 fxg6 30. Qf6 Rg7 31. exd5 Rxe1 32. Rxe1 cxd5 33. Ne6 Qc2+ 34. Kxg3 1-0

[Event "Early-Titled-Tuesday-Blitz-January-23-2024"]
[Site "Chess.com"]
[Date "2024.01.23"]
[Round "5"]
[White "Zavgorodniy_Sergiy"]
[Black "viviania"]
[Result "1-0"]
[WhiteElo "2632"]
[BlackElo "2887"]
[TimeControl "180+1"]
[EndTime "8:55:15 PST"]
[Termination "Zavgorodniy_Sergiy won on time"]

1. e4 e5 2. Nf3 Nc6 3. Be2 Nf6 4. d3 Bc5 5. O-O d6 6. c3 a5 7. Be3 O-O 8. d4 Ba7 9. dxe5 Nxe5 10. Bxa7 Rxa7 11.
Nbd2 Re8 12. Nxe5 dxe5 13. Qc2 Qe7 14. Nc4 a4 15. Rad1 b5 16. Ne3 c6 17. a3 Be6 18.
Nf5 Qc5 19. Qd3 Rd7 20. Qg3 Bxf5 21. exf5 Red8 22. h3 Ne4 23. Rxd7 Rxd7 24. Qh4 Nf6 25. Bf3 Rd2 26. Re1 h6 27. Qg3 e4 28. Bxe4 Rxb2 29.
Bf3 Rc2 30. Rd1 Kh7 31. Rd8 Qxf5 32. Kh2 Ne4 33. Qh4 Qe5+ 34. Kg1 1-0

[Event "Early-Titled-Tuesday-Blitz-January-23-2024"]
[Site "Chess.com"]
[Date "2024.01.23"]
[Round "5"]
[White "Gennady_Kozlov"]
[Black "Predator0608"]
[Result "0-1"]
[WhiteElo "2628"]
[BlackElo "2513"]
[TimeControl "180+1"]
[EndTime "8:55:16 PST"]
[Termination "Predator0608 won by resignation"]

1. b3 b6 2. Bb2 Bb7 3. e3 Nf6 4. f4 e6 5. Nf3 Ne4 6. Be2 f5 7. O-O d5 8. Ne5 Rg8 9. d3 Nf6 10. Bf3 Bc5 11. Qe2 Nbd7 12. Nd2 Qe7 13. Nxd7 Nxd7 14. a3 Bd6 15. b4 e5 16. fxe5 Bxe5 17. Bxe5 Nxe5 18. c4 O-O-O 19. d4 Nxc4 20. Nxc4 dxc4 21.
Bxb7+ Kxb7 22. Rae1 Qe6 23. Qf3+ Rd5 24. e4 Rxd4 25. exf5+ Qc6 26. Qxc6+ Kxc6 27. f6 gxf6 28. Rxf6+ Kb5 29. Rf7 Rd2 30. g3 Ka4 31. Rxc7 Kb3 32. Rc1 Rg4 33. b5 Re4 34. Rxh7 Kb2 35. Rf1 c3 36. h4 Ree2 37. Rf3 c2 38. Rc7 Rd1+ 39. Rf1 Rdd2 40. Rf4 Rg2+ 41. Kf1 Rh2 42. Kg1 Rhg2+ 43. Kf1 Rxg3 44. Rb4+ Kc1 45. h5 Rh3 46. Kg1 Rxh5 47.
Rxa7 Rg5+ 48. Kf1 Rf5+ 49. Ke1 Rh5 50. Rf4 Rh1+ 51. Rf1 Rd1+ 52. Ke2 Rhxf1 53. Rc7 Rfe1+ 0-1

[Event "Early-Titled-Tuesday-Blitz-January-23-2024"]
[Site "Chess.com"]
[Date "2024.01.23"]
[Round "5"]
[White "Hikaru"]
[Black "MITerryble"]
[Result "1-0"]
[WhiteElo "3310"]
[BlackElo "3009"]
[TimeControl "180+1"]
[EndTime "8:55:17 PST"]
[Termination "Hikaru won by resignation"]

1. d4 e6 2. c4 Bb4+ 3. Nc3 c5 4. d5 Bxc3+ 5. bxc3 Qa5 6. Bd2 Nf6 7. f3 d6 8. e4 Nbd7 9. Nh3 Nb6 10. Nf2 Qa4 11.
Qb3 Nfd7 12. Nd1 Ne5 13. Nb2 Qd7 14. f4 Ng6 15. Bd3 e5 16. f5 Nf4 17. Bxf4 exf4 18. O-O Qe7 19. Rxf4 Nd7 20. Raf1 Ne5 21. Qd1 Qg5 22. Bc2 Bd7 23. Bb3 O-O-O 24. Nd3 Rhe8 25. Nxe5 Rxe5 26. Bc2 Kc7 27. a4 Qf6 28. a5 Ra8 29.
Qd2 Ree8 30. Ra1 h6 31. Rff1 Qe5 32. Bd3 Reb8 33. Rfb1 Rg8 34. Rf1 Rgb8 35. Ra3 Rg8 36. g3 Rge8 37. Qf4 Rab8 38. Kf2 Ra8 39. Ke2 Rab8 40. Kd2 Ra8 41. Qh4 Rh8 42. Rb3 Rab8 43. Rfb1 Rhe8 44. Qf4 Ba4 45. Ra3 Bd7 46. Bc2 f6 47.
Rf1 Re7 48. g4 Qxf4+ 49. Rxf4 Rg8 50. Rf2 Re5 51. h3 Rh8 52. Rg2 Ree8 53. Ra1 Ra8 54. h4 b6 55. Rgg1 Rhb8 56. g5 hxg5 57. hxg5 Rh8 58.
gxf6 gxf6 59. Rg7 Rh2+ 60. Kc1 Rah8 61. axb6+ axb6 62. Ra7+ Kb8 63. Rgxd7 1-0

[Event "Early-Titled-Tuesday-Blitz-January-23-2024"]
[Site "Chess.com"]
[Date "2024.01.23"]
[Round "5"]
[White "ChessSwole"]
[Black "ViktoriyaTarasova"]
[Result "1-0"]
[WhiteElo "2626"]
[BlackElo "2314"]
[TimeControl "180+1"]
[EndTime "8:55:17 PST"]
[Termination "ChessSwole won by resignation"]

1. e4 e5 2. Nf3 Nc6 3. Bc4 Bc5 4. c3 Nf6 5. d3 d6 6. O-O h6 7. Re1 a5 8. Bb5 O-O 9. h3 Ba7 10. Na3 Ne7 11. d4 Ng6 12. Bd3 Re8 13. Nc2 c6 14.
a4 Be6 15. Be3 Qc7 16. dxe5 dxe5 17. Bxa7 Rxa7 18. Ne3 Raa8 19. Qc2 Rad8 20. Rad1 Nf4 21. Bc4 Rxd1 22. Rxd1 N6h5 23. Kh2 f6 24. g3 Ng6 25.
Bxe6+ Rxe6 26. Qb3 Nf8 27. Nh4 Kh7 28. Nhf5 g6 29. Nh4 Kg7 30. Nc4 Re7 31. Ng2 Ne6 32. Nge3 Nc5 33. Qc2 b6 34. b4 axb4 35. cxb4 Ne6 36. a5 bxa5 37. Nxa5 Nd4 38. Qc5 Rd7 39. Kg2 Kf7 40. Rc1 Rd6 41. Nd5 Re6 42. Nxc7 1-0

[Event "Early-Titled-Tuesday-Blitz-January-23-2024"]
[Site "Chess.com"]
[Date "2024.01.23"]
[Round "5"]
[White "betta2004"]
[Black "eightbyeightchess"]
[Result "0-1"]
[WhiteElo "2534"]
[BlackElo "2384"]
[TimeControl "180+1"]
[EndTime "8:55:18 PST"]
[Termination "eightbyeightchess won by checkmate"]

1. d4 d5 2. Nc3 Nf6 3. Bg5 Bf5 4. Bxf6 gxf6 5. f3 c6 6. e3 e5 7. dxe5 fxe5 8. Bd3 Qd7 9. Nge2 Rg8 10. Ng3 Be6 11.
Bxh7 Rh8 12. Bd3 f5 13. Qe2 Na6 14. Bxa6 bxa6 15. Qxa6 Rb8 16. O-O-O Rh4 17. e4 fxe4 18. Ngxe4 Qc7 19. Nd2 Rhb4 20. Nb3 d4 21. Ne4 Bh6+ 22. Kb1 Bc4 23. Qa3 Bf8 24. Nbc5 Bxc5 25. Nxc5 Rxb2+ 26. Qxb2 Rxb2+ 27. Kxb2 Qa5 28. Nb3 Qc3+ 29. Ka3 a5 30.
Rhe1 Qb4+ 31. Kb2 a4 32. Rxe5+ Kf7 33. Rxd4 a3+ 34. Kc1 Qc3 35. Rc5 Qe1+ 36. Rd1 Qe3+ 37. Kb1 Bxb3 38. axb3 Qxc5 39. Rd2 Qc3 40. Re2 Qb2# 0-1

[Event "Early-Titled-Tuesday-Blitz-January-23-2024"]
[Site "Chess.com"]
[Date "2024.01.23"]
[Round "5"]
[White "Witty_Alien"]
[Black "Szczor"]
[Result "1-0"]
[WhiteElo "2347"]
[BlackElo "2576"]
[TimeControl "180+1"]
[EndTime "8:55:18 PST"]
[Termination "Witty_Alien won by resignation"]

1. e4 c5 2. Nf3 d6 3. d4 cxd4 4. c3 dxc3 5. Bc4 e6 6. O-O Nc6 7. Re1 Nf6 8. Nxc3 Be7 9. b3 O-O 10. Bb2 a6 11. a4 Qa5 12. Nd5 exd5 13. exd5 Ne5 14. Nxe5 dxe5 15. d6 Bd8 16. Rxe5 Qb6 17. a5 Qc6 18. Rc1 Qd7 19. Rg5 h6 20. Rg3 Re8 21.
Qd2 Kh8 22. Rh3 Qf5 23. Bxf7 Rf8 24. Rxh6+ Nh7 25. Bg6 Qxg6 26. Rxg6 Bf5 27. Rxg7 Bf6 28. Bxf6 Rxf6 29. Rxb7 Rg8 30. g3 Be4 31. Qd4 Bxb7 32. Rc7 Bf3 33. Rxh7+ Kxh7 34. Qxf6 Bg4 35. h3 Rg7 36.
hxg4 Rd7 37. Qf5+ Kg7 38. Qxd7+ Kf6 39. Qe7+ Kg6 40. Qe6+ Kg5 1-0

[Event "Early-Titled-Tuesday-Blitz-January-23-2024"]
[Site "Chess.com"]
[Date "2024.01.23"]
[Round "5"]
[White "Me_ch_an"]
[Black "Zheenbekov86"]
[Result "1/2-1/2"]
[WhiteElo "2302"]
[BlackElo "2507"]
[TimeControl "180+1"]
[EndTime "8:55:18 PST"]
[Termination "Game drawn by repetition"]

1. e4 c6 2. d4 d5 3. Nd2 dxe4 4. Nxe4 Nf6 5. Nxf6+ exf6 6. c3 Bd6 7. Bd3 O-O 8. Qc2 h5 9. Ne2 h4 10. Bd2 Re8 11. O-O-O b5 12. h3 Nd7 13. g3 hxg3 14. Nxg3 Bxg3 15. fxg3 Nb6 16. h4 Qd5 17. Kb1 Bg4 18.
Rde1 a5 19. Be4 Qd7 20. Bh7+ Kh8 21. h5 a4 22. Ka1 f5 23. h6 g6 24. Bxg6 fxg6 25. h7 Rxe1+ 26. Bxe1 Re8 27. Bf2 Re7 28. d5 Rxh7 29. Rxh7+ Qxh7 30. Bxb6 Qh1+ 31. Qb1 Qxd5 32. Bd4+ Kg8 33. Qe1 Qe4 34. Qg1 Kf7 35. b3 axb3 36. axb3 Qc2 37. b4 Bf3 38. Qb1 Qxb1+ 39. Kxb1 g5 40. Kc2 Be4+ 41. Kd2 Ke6 42. Ke3 Bd5 43. Bg7 f4+ 44. gxf4 g4 45. Kf2 Kf5 46. Kg3 Be6 47.
Bd4 Ke4 48. Be5 Bf5 49. Bd4 Be6 50. Be5 Bf5 51. Bd4 Be6 1/2-1/2

[Event "Early-Titled-Tuesday-Blitz-January-23-2024"]
[Site "Chess.com"]
[Date "2024.01.23"]
[Round "5"]
[White "hakanazeri2"]
[Black "Cheer_Down"]
[Result "1-0"]
[WhiteElo "2583"]
[BlackElo "2449"]
[TimeControl "180+1"]
[EndTime "8:55:19 PST"]
[Termination "hakanazeri2 won by resignation"]

1. c4 e6 2. Nf3 d5 3. d4 Nf6 4.
g3 Be7 5. Bg2 O-O 6. O-O dxc4 7.
Qc2 a6 8. a4 Bd7 9. Rd1 Bc6 10.
Bg5 Nbd7 11. Nbd2 b5 12. b3 h6 13. Bxf6 Nxf6 14. axb5 axb5 15. bxc4 bxc4 16. Rxa8 Qxa8 17. Qxc4 Rb8 18. Rc1 Rb6 19. Qc2 Bd6 20. Nc4 Ra6 21. Ne1 Bxg2 22. Nxg2 Ra2 23. Qd3 g6 24. Nh4 Kg7 25. Nf3 Ra1 26. Rxa1 Qxa1+ 27. Kg2 Qa8 28. h3 Qd5 29. Nd2 e5 30. e4 Qe6 31. Nc4 Nd7 32. d5 Qe8 33. Nfd2 Nc5 34. Qe3 Qb5 35. Qc3 Nd7 36.
Nf3 f6 37. Nxd6 cxd6 38. Qc7 Kf7 39. Qxd6 Qa4 40. Qe6+ Kg7 41. Qe7+ Kg8 42. Qe8+ Nf8 43. Qxa4 1-0